 Dungeon Crawl Stone Soup version 0.19-b1-5-gdc9fa9d (webtiles) character file.

59 SandmanXC the Slasher (level 3, 0/24 HPs)
             Began as a High Elf Skald on Nov 1, 2016.
             Slain by Grinder (1 damage)
             ... on level 3 of the Dungeon.
             The game lasted 00:12:15 (2711 turns).

SandmanXC the Slasher (High Elf Skald)              Turns: 2711, Time: 00:12:15

Health: 0/24       AC:  3    Str: 11    XL:     3   Next: 78%
Magic:  6/7        EV: 11    Int: 15    God:
Gold:   76         SH:  0    Dex: 16    Spells: 1 memorised, 5 levels left

rFire  . . .     SeeInvis .     a - +0 falchion
rCold  . . .     Gourm    .     b - +0 leather armour
rNeg   . . .     Faith    .     (no shield)
rPois  .         Spirit   .     (no helmet)
rElec  .         Reflect  .     (no cloak)
rCorr  .         Harm     .     (no gloves)
MR     .....                    (no boots)
Stlth  +.........               (no amulet)
                                (no ring)
                                (no ring)

@: very slightly contaminated
A: no striking features
a: no special abilities


You were on level 3 of the Dungeon.
You were not hungry.

You visited 1 branch of the dungeon, and saw 4 of its levels.

You collected 76 gold pieces.

Inventory:

Hand Weapons
 a - a +0 falchion (weapon)
Armour
 b - a +0 leather armour (worn)
Jewellery
 h - an uncursed ring of poison resistance {unknown}
 i - an uncursed ring of magical power {unknown}
Scrolls
 e - 3 scrolls of identify {unknown}
 k - a scroll of amnesia {unknown}
 l - a scroll of fog {unknown}
 m - a scroll of random uselessness {unknown}
Potions
 f - a potion of haste {unknown}
 j - 2 potions of resistance {unknown}
Books
 c - a book of Battle

   Spells                             Type                      Level
   a - Infusion                       Charms                       1
   b - Shroud of Golubria             Charms/Translocation         2
   c - Song of Slaying                Charms                       2
   d - Spectral Weapon                Hexes/Charms                 3
   e - Regeneration                   Charms/Necromancy            3
Comestibles
 d - a bread ration
 g - 3 fruits
 n - a beef jerky


   Skills:
 - Level 2.0 Fighting
 + Level 5.0 Long Blades
 - Level 0.8 Armour
 - Level 1.1 Dodging
 - Level 2.4 Spellcasting
 - Level 3.6 Charms


You had 5 spell levels left.
You knew the following spells:

 Your Spells              Type           Power        Failure   Level  Hunger
a - Infusion              Chrm           ##..         10%         1    #......


Dungeon Overview and Level Annotations

Branches:
Dungeon (4/15)
 Temple: D:4-7

Altars:
Hepliaklqana
Xom
Zin

Annotations:
D:2 Terence
D:3 Grinder


Message History

The bat hits you but does no damage. Grinder barely misses you.
You riposte.
You barely miss Grinder.
You finish eating.
That bread ration really hit the spot!
Casting: Infusion
Confirm with . or Enter, or press ? or * to list all spells.
You miscast Infusion.
You are very lightly contaminated with residual magic.
Multicoloured lights dance before your eyes!
The bat hits you but does no damage. Grinder hits you.
You writhe in agony.
You hit Grinder.
Grinder is lightly wounded.
The bat hits you but does no damage. Grinder hits you.
* * * LOW HITPOINT WARNING * * *
You writhe in agony.
* * * LOW HITPOINT WARNING * * *
You hit Grinder but do no damage.
Grinder is lightly wounded.
The bat barely misses you. x2; You riposte.
You closely miss the bat. Grinder hits you.
You die...

#.# #.# #.# #.#
#.# #b# #.# #@#
#5# #.# #.# #.#
#.# #.# #.#
##############.#


You could see Grinder and a bat.

Vanquished Creatures
  An adder (D:3)
  A worm (D:2)
  2 dart slugs
  A leopard gecko (D:1)
  4 giant cockroaches
  3 goblins
  6 hobgoblins
  2 jackals (D:3)
  8 kobolds
  A quokka (D:3)
  2 bats (D:1)
  3 frilled lizards
  5 rats
39 creatures vanquished.

Notes
Turn   | Place    | Note
-------+----------+-------------------------------------------
     0 | D:1      | SandmanXC the High Elf Skald began the quest for the Orb.
     0 | D:1      | Reached XP level 1. HP: 14/14 MP: 4/4
   120 | D:1      | Reached skill level 3 in Long Blades
   135 | D:1      | Reached XP level 2. HP: 15/19 MP: 6/6
   790 | D:1      | Reached skill level 4 in Long Blades
  1224 | D:1      | Reached XP level 3. HP: 22/24 MP: 7/7
  1502 | D:2      | Found a hazy altar of Hepliaklqana.
  1513 | D:2      | Noticed Terence
  1892 | D:3      | Found a shimmering altar of Xom.
  1895 | D:3      | Noticed an angel
  2099 | D:3      | Found a glowing silver altar of Zin.
  2301 | D:2      | Reached skill level 5 in Long Blades
  2699 | D:3      | Noticed Grinder
  2710 | D:3      | HP: 1/24 [Grinder (4)]
  2711 | D:3      | Slain by Grinder

Skill      XL: |  1  2  3 |
---------------+----------+-----
Long Blades    | 3 4 5 |  5.0
Fighting       | |  2.0
Armour         | |  0.8
Dodging        | |  1.1
Spellcasting   | |  2.4
Charms         | |  3.6

Action                   || total
-------------------------++-------
Melee: Falchion          ||   132
 Cast: Infusion          ||     4
 Stab: Sleeping          ||     1
  Eat: Chunk             ||     4
       Bread ration      ||     1
Armor: Leather armour    ||    36
Dodge: Dodged            ||    70
       Rpst.: Falchion   ||    24
